Map: Blackpink LE

Players

oborowy

  • Race: Terran Terran
  • Spawn Location: 1:00

Dessa - Winner!

  • Race: Zerg Zerg
  • League: Diamond
  • Spawn Location: 7:00

VOD

Have the link to the VOD?

Description

Time

  • Played on: Dec. 31, 2017, 5:28 p.m.
  • Length: 12:45
Show
View Real Time Build Order
Export as new Build Order

oborowy Terran 

Build Orders: Bio Tank 

Get SALT Encoding   

  12  0:00  SCV  
  13  0:13  SCV  
  14  0:17  Supply Depot  
  14  0:25  SCV  
  15  0:38  SCV  
  15  0:40  Barracks  
  16  0:47  Refinery  
  16  0:51  SCV  
  17  1:03  SCV  
  18  1:15  SCV  
  19  1:27  Orbital Command  
  19  1:30  Barracks Reactor  
  19  1:45  Command Center  
  19  1:53  SCV  
  20  2:00  Supply Depot  
  20  2:05  SCV  
  20  2:07  Marine  
  20  2:08  Marine  
  23  2:18  Factory  
  23  2:22  SCV  
  24  2:25  Barracks  
  24  2:27  Marine  
  25  2:30  Marine  
  25  2:34  SCV  
  27  2:40  Refinery  
  27  2:46  SCV  
  27  2:47  Marine  
  29  2:52  Marine  
  30  2:58  SCV  
  31  3:06  Marine  
  31  3:07  Factory Tech Lab  
  31  3:09  Bunker  
  31  3:11  SCV  
  33  3:13  Barracks Tech Lab, Marine  
  34  3:22  Starport  
  34  3:25  SCV  
  35  3:34  Orbital Command  
  35  3:38  Stimpack  
  35  3:41  SCV  
  35  3:48  Marine x2  
  38  3:50  Marine  
  38  3:53  SCV  
  40  3:57  Siege Tank  
  40  4:02  SCV  
  44  4:06  SCV  
  45  4:11  Supply Depot  
  45  4:17  SCV  
  45  4:18  Supply Depot  
  46  4:32  Medivac, Marine x2  
  46  4:33  SCV x2  
  46  4:35  Barracks  
  46  4:37  Engineering Bay  
  52  4:38  Engineering Bay  
  52  4:45  SCV  
  52  4:47  SCV  
  53  4:53  Refinery  
  53  4:54  Refinery  
  53  4:56  Marine x2  
  53  4:57  SCV  
  53  4:59  SCV  
  57  5:02  Siege Tank  
  57  5:03  Marine  
  61  5:13  Missile Turret  
  61  5:14  Missile Turret  
  61  5:15  Missile Turret  
  61  5:17  SCV  
  62  5:32  Supply Depot  
  62  5:33  Supply Depot  
  62  5:36  Supply Depot  
  62  5:38  Terran Infantry Weapons Level 1, Terran Infantry Armor Level 1  
  62  5:39  Combat Shields  
  62  5:54  SCV x2  
  63  6:06  SCV, Barracks Reactor  
  63  6:11  Barracks x2  
  64  6:13  Command Center  
  64  6:15  Factory  
  64  6:18  SCV x2, Armory  
  66  6:30  Marine x3  
  66  6:31  Siege Tank  
  66  6:32  Starport Reactor  
  72  6:37  SCV x2  
  74  6:48  Marine  
  74  6:56  Marine x3  
  74  6:58  Marauder  
  70  7:01  Factory Tech Lab, Barracks Tech Lab  
  70  7:02  Barracks Tech Lab  
  70  7:04  SCV x2  
  70  7:08  Terran Vehicle Weapons Level 1  
  72  7:12  Supply Depot  
  72  7:15  Medivac x2  
  72  7:18  Supply Depot  
  76  7:32  SCV x2  
  77  7:44  Marine x3  
  77  7:45  Marine x4  
  77  7:48  Siege Tank x2  
  90  7:56  SCV x2  
  90  7:57  Terran Infantry Weapons Level 2, Terran Infantry Armor Level 2  
  92  8:02  Marine x3  
  92  8:03  Medivac, Marauder x3  
  103  8:20  Siege Tank x2  
  109  8:27  SCV x2  
  111  8:37  Refinery  
  111  8:38  Refinery  
  111  8:40  SCV x2, Planetary Fortress  
  113  8:48  Marauder x2  
  117  8:54  Supply Depot  
  117  8:57  Supply Depot  
  117  8:59  Supply Depot x2  
  117  9:04  Supply Depot  
  117  9:10  Command Center  
  117  9:15  Marine x5, Siege Tank  
  125  9:19  Siege Tank, Marauder  
  122  9:27  Marine  
  112  9:33  Marine x4  
  112  9:39  Marine  
  112  9:40  Marine  
  112  9:45  Marine, Terran Vehicle Weapons Level 2  
  115  9:47  Siege Tank  
  115  9:50  Marine x3  
  115  9:51  Siege Tank  
  113  10:09  Marine  
  113  10:10  Marine x6  
  106  10:20  Siege Tank  
  108  10:23  SCV  
  108  10:24  SCV x2  
  108  10:27  Marine x5  
  108  10:28  Marine  
  117  10:33  Siege Tank  
  119  10:36  SCV x2  
  119  10:41  Medivac x2  
  124  10:58  Marine  
  124  10:59  Marine x3, Marauder x2  
  124  11:00  Marauder  
  124  11:02  Planetary Fortress  
  124  11:03  SCV x2  
  124  11:04  SCV  
  137  11:15  SCV x2  
  137  11:16  SCV, Marine  
  141  11:24  Marauder x3, Marine x3  
  141  11:25  Siege Tank  
  153  11:27  SCV, Medivac x2  
  153  11:28  SCV  
  159  11:34  Sensor Tower  
  159  11:36  Refinery  
  159  11:37  Refinery  
  159  11:41  SCV x3  
  159  11:42  SCV  
  159  11:45  Marauder  
  165  11:53  SCV x2  
  167  11:56  Marauder x2  
  167  12:01  Supply Depot  
  171  12:04  Supply Depot  
  171  12:05  Supply Depot  
  171  12:07  Supply Depot  
  171  12:11  SCV  
  179  12:22  SCV x2  
  179  12:23  Marauder  
Show
View Real Time Build Order
Export as new Build Order

Dessa Zerg - Winner!

Build Orders: Hatch First 

Get SALT Encoding   

  12  0:01  Drone  
  13  0:13  Overlord  
  13  0:17  Drone  
  14  0:32  Drone x2  
  16  0:36  Drone  
  17  0:54  Hatchery  
  16  0:58  Drone  
  16  1:03  Extractor  
  16  1:04  Drone  
  17  1:21  Spawning Pool  
  17  1:22  Drone  
  17  1:27  Overlord  
  17  1:30  Drone  
  18  1:46  Drone  
  19  1:53  Drone  
  20  2:08  Zergling x4, Metabolic Boost  
  22  2:09  Queen  
  22  2:12  Drone  
  25  2:20  Queen  
  25  2:22  Drone  
  28  2:25  Drone  
  29  2:34  Spine Crawler  
  28  2:41  Baneling Nest, Zergling x2  
  28  2:50  Queen  
  30  2:54  Zergling x2  
  30  3:06  Drone x3  
  30  3:09  Drone  
  30  3:10  Overlord  
  34  3:24  Drone  
  34  3:25  Drone  
  36  3:38  Drone  
  37  3:46  Hatchery  
  36  3:51  Drone  
  36  3:54  Drone x2  
  39  3:56  Drone  
  39  3:58  Overlord  
  39  3:59  Extractor  
  39  4:00  Drone x3  
  39  4:02  Drone  
  43  4:03  Drone  
  44  4:16  Drone x2  
  46  4:22  Lair, Evolution Chamber  
  45  4:25  Zergling x6  
  48  4:32  Zergling x2  
  48  4:34  Drone x2  
  51  4:54  Zerg Ground Armor Level 1  
  51  4:56  Drone  
  51  4:58  Drone  
  51  4:59  Drone x2, Extractor x2  
  54  5:00  Drone x2  
  54  5:01  Drone  
  54  5:02  Drone  
  54  5:03  Overlord  
  54  5:04  Overlord  
  54  5:05  Pneumatized Carapace  
  57  5:19  Zergling x2  
  57  5:20  Overlord, Queen  
  60  5:25  Zergling x6  
  60  5:26  Drone x2  
  65  5:41  Drone x4  
  69  5:43  Zergling x2  
  69  5:44  Zergling x2  
  71  5:53  Overlord x2  
  71  5:55  Drone x4  
  75  6:22  Hydralisk Den  
  75  6:24  Overlord x2  
  74  7:02  Zerg Missile Weapons Level 1  
  74  7:03  Muscular Augments  
  74  7:05  Drone  
  74  7:06  Drone  
  74  7:07  Evolution Chamber  
  75  7:09  Hatchery, Extractor  
  75  7:11  Extractor  
  75  7:12  Overlord  
  75  7:13  Drone x2  
  75  7:14  Drone  
  75  7:15  Drone x3  
  78  7:16  Drone x3  
  78  7:17  Drone x6  
  78  7:20  Hydralisk x2  
  91  7:48  Hydralisk x2  
  91  7:49  Hydralisk x3  
  99  7:53  Zergling x4  
  99  7:54  Zergling x6  
  99  7:55  Baneling x6  
  99  7:56  Centrifical Hooks  
  104  8:01  Overlord x2  
  104  8:21  Baneling x3, Hydralisk  
  104  8:22  Hydralisk x2  
  104  8:23  Queen  
  104  8:25  Drone x4  
  116  8:30  Hydralisk x2  
  116  8:31  Zergling x4, Hydralisk x2  
  116  8:32  Zergling x4  
  116  8:33  Overlord x2  
  128  8:35  Zerg Ground Armor Level 2  
  127  9:02  Baneling x2  
  127  9:03  Baneling x4  
  127  9:05  Zerg Missile Weapons Level 2  
  127  9:06  Overlord x2  
  127  9:12  Hydralisk x4  
  127  9:13  Zergling x12  
  127  9:14  Zergling x2  
  127  9:15  Zergling x2, Overlord x2  
  110  9:32  Zergling x10  
  110  9:33  Zergling x8  
  107  9:41  Zergling x14  
  107  9:42  Zergling x2  
  111  9:59  Infestation Pit  
  110  10:06  Zergling x2  
  110  10:07  Zergling x16  
  103  10:08  Zergling x2  
  103  10:10  Zergling x4  
  103  10:11  Hydralisk x4  
  113  10:14  Zergling x4  
  113  10:20  Baneling  
  115  10:21  Baneling  
  115  10:22  Baneling x5  
  115  10:23  Overlord x2  
  115  10:37  Hydralisk x6  
  115  10:38  Hydralisk x3  
  115  10:42  Hive  
  124  10:53  Overlord  
  124  10:55  Zergling x6  
  124  10:56  Zergling x14  
  126  10:59  Hydralisk  
  126  11:00  Hydralisk  
  126  11:01  Hydralisk  
  126  11:02  Hydralisk x2  
  136  11:27  Drone x2  
  136  11:28  Drone x3, Extractor  
  136  11:29  Extractor  
  139  11:35  Hatchery  
  139  11:37  Extractor  
  139  11:38  Extractor  
  136  11:57  Ultralisk Cavern  
  135  12:11  Zergling x4  
  135  12:12  Zergling x20  
  135  12:13  Zergling x26  
Tags
 
Composition
Bio Tank
League
Diamond
Matchup
TvZ
Replay Pack
2017S4
Spawn Locations
Cross Positions
Add a new tag
Caveats
  • Supply blocks, unpowered buildings, or Contaminate may cause inaccurate times.
  • Supply counts are checked every 10 seconds.